 Dungeon Crawl Stone Soup version 0.28-a0-1638-g9123634e07 (webtiles) character file.

Game seed: 2184500668496951025

213 lonewolfV2 the Skirmisher (level 5, -3/47 HPs)
             Began as a Hill Orc Fighter on Jan 25, 2022.
             Killed from afar by a guardian serpent (21 damage)
             ... with a bolt of poison
             ... on level 1 of the Abyss.
             The game lasted 00:02:52 (3125 turns).

lonewolfV2 the Skirmisher (Hill Orc Fighter)        Turns: 3125, Time: 00:02:53

Health: -3/47      AC:  7    Str: 21    XL:     5   Next: 90%
Magic:  5/5        EV:  9    Int:  8    God:
Gold:   118        SH:  4    Dex: 10    Spells: 4/4 levels left

rFire   . . .      SeeInvis +   a - +0 war axe
rCold   + . .      Faith    .   c - +0 buckler
rNeg    . . .      Spirit   .   b - +0 scale mail
rPois   .          Reflect  .   (no helmet)
rElec   .          Harm     .   (no cloak)
rCorr   .          Rampage  .   (no gloves)
Will    .....                   (no boots)
Stlth   ..........              (no amulet)
HPRegen 0.15/turn               h - ring of see invisible
MPRegen 0.09/turn               i - ring of protection from cold

@: mighty, lethally poisoned (-3 -> -17)
A: no striking features
a: no special abilities


You were on level 1 of the Abyss.
You visited 1 branch of the dungeon, and saw 4 of its levels.
You visited the Abyss 1 time.

You collected 118 gold pieces.

Inventory:

Hand Weapons
 a - a +0 war axe (weapon)
Armour
 b - a +0 scale mail (worn)
 c - a +0 buckler (worn)
Jewellery
 h - a ring of see invisible (left hand)
 i - a ring of protection from cold (right hand)
 l - a ring of magical power
Scrolls
 e - a scroll of noise
Potions
 d - a potion of might
 g - a potion of heal wounds
 k - a potion of brilliance {unknown}


   Skills:
 + Level 4.8 Fighting
 + Level 4.3 Axes
 + Level 4.4 Armour
 + Level 1.4 Dodging
 + Level 0.1 Stealth
 + Level 4.0 Shields


You had 4 spell levels left.
You didn't know any spells.
Your spell library was empty.

Dungeon Overview and Level Annotations

Branches:
Dungeon (4/15)
 Temple: D:4-7

Altars:


Message History

You hit the gnoll.
The gnoll is lightly wounded.
A goblin comes into view. It is wielding a +0 dagger.
The gnoll hits you with a +2 flail of distortion!
You feel very mighty all of a sudden.
The goblin shouts!
The gnoll barely misses you.
The gnoll hits you with a +2 flail of distortion.
Space warps horribly around you!
* * * LOW HITPOINT WARNING * * *
The gnoll barely misses you. x2
The gnoll completely misses you. The gnoll closely misses you.
The gnoll hits you but does no damage.
There is a stone staircase leading up here.
The gnoll hits you but does no damage. You block the gnoll's attack.
The gnoll hits you with a +2 flail of distortion.
* * * LOW HITPOINT WARNING * * *
You are cast into the Abyss!
You stop ascending the stairs.
This branch contains the abyssal rune of Zot.
You start resting.
A guardian serpent and 2 naga warriors come into view.
There are monsters nearby!
There are monsters nearby!
You feel much better.
The guardian serpent shouts!
The naga warrior shouts! x2
You feel mightier all of a sudden.
A salamander comes into view. It is wielding a +0 vampiric glaive.
The guardian serpent hits you! The guardian serpent barely misses you.
The naga warrior roars a battlecry!
The nagas go into a battle-frenzy!
The salamander hits you from afar with a +0 vampiric glaive.
You are engulfed in flames!
You hit the naga warrior but do no damage.
You miss the guardian serpent.
The guardian serpent coils itself and waves its upper body at you.
The bolt of poison hits you!!
You are poisoned.
You die...

#........##......
.................
.................
.................
.................
#................
.................
#......@.........
.......NS........
......N.N..##....
.........### ...
.......... .
#.......#..
........#.#
.........#. ....
.


You could see 2 naga warriors, a salamander (strong) and a guardian serpent.

Vanquished Creatures
  An ogre (D:3)
  A hound (D:3)
  An iguana (D:3)
  4 adders
  A worm (D:3)
  4 orcs (D:3)
  3 endoplasms
  A giant cockroach (D:3)
  2 goblins (D:3)
  A hobgoblin (D:1)
  3 quokkas
  2 ball pythons (D:1)
  3 bats
  3 frilled lizards (D:1)
  2 kobolds (D:3)
  3 rats
  A spectral hobgoblin (D:1)
36 creatures vanquished.

Notes
Turn   | Place    | Note
-------+----------+-------------------------------------------
     0 | D:1      | lonewolfV2 the Hill Orc Fighter began the quest for the
                  | Orb.
     0 | D:1      | Reached XP level 1. HP: 19/19 MP: 1/1
   200 | D:1      | Found a faded altar of an unknown god.
   343 | D:1      | Reached XP level 2. HP: 27/27 MP: 2/2
  1459 | D:2      | Reached XP level 3. HP: 28/33 MP: 3/3
  1721 | D:3      | Noticed an ogre
  1728 | D:3      | Killed an ogre
  1729 | D:3      | Reached XP level 4. HP: 16/41 MP: 4/4
  1743 | D:3      | Reached XP level 5. HP: 24/47 MP: 5/5
  3009 | D:3      | Reached skill level 1 in Dodging
  3114 | D:4      | Cast into level 1 of the Abyss (gnoll)
  3121 | Abyss:1  | Noticed a guardian serpent
  3121 | Abyss:1  | Noticed a naga warrior
  3121 | Abyss:1  | Noticed a naga warrior
  3122 | Abyss:1  | Noticed a salamander
  3125 | Abyss:1  | Killed from afar by a guardian serpent

Illustrated notes

Levels and vault maps discovered:
D:1:      dpeg_arrival_rhombus, layout_loops_ring,
          dreamdust_ecumenical_altar_drowned_temple
D:2:      layout_loops_ring, corexii_hall_statues_l
D:3:      layout_loops_ring
D:4:      layout_layer_cave, minmay_temple_entry_arrows,
          cheibrodos_sewer_entry_sluice, lemuel_flame_loot_1, uniq_robin
Abyss:1:  base:
D:4

Skill      XL: |  1  2  3  4  5 |
---------------+----------------+-----
Fighting       | 4 |  4.8
Axes           | 4 |  4.3
Armour         | 4 |  4.4
Shields        | 4 |  4.0
Dodging        | 1 |  1.4
Stealth        | |  0.1

Action                   |  1- 3 |  4- 6 || total
-------------------------+-------+-------++-------
Melee: War axe           |    45 |    78 ||   123
  Use: Scroll            |     1 |     5 ||     6
       Potion            |       |     5 ||     5
Armor: Scale mail        |    22 |    39 ||    61
Dodge: Dodged            |    21 |    42 ||    63
Block: Buckler           |    13 |    12 ||    25

Table legend: (Time is in decaauts)
 A = Elapsed time spent in this place.
 B = Non-inter-level travel time spent in this place.
 C = Inter-level travel time spent in this place.
 D = Time resting spent in this place.
 E = Time spent auto-exploring this place.
 F = Levels seen in this place.
 G = Mean time per level.
                   A        B        C        D        E       F      G
               +--------+--------+--------+--------+--------+-----+--------+
         Total |   3179 |   3095 |     84 |    403 |   2282 |   5 |  635.8 |
       Dungeon |   3168 |   3084 |     84 |    398 |   2282 |   4 |  792.0 |
         Abyss |     10 |     10 |      0 |      5 |      0 |   1 |   10.0 |
               +--------+--------+--------+--------+--------+-----+--------+

Top non-repeatable levels by time:
     D:3: 1413 daAuts
     D:1: 923 daAuts
     D:2: 824 daAuts
 Abyss:1: 10 daAuts
     D:4: 7 daAuts
